 Dungeon Crawl Stone Soup version 0.26.1-11-gd32895ea62 (webtiles) character file.

Game seed: 17659910073546754180

54 DildoBatman the Conjurer (level 4, -3/30 HPs)
             Began as a Formicid Conjurer on May 3, 2021.
             Slain by a gnoll (7 damage)
             ... on level 2 of the Dungeon.
             The game lasted 00:03:15 (1202 turns).

DildoBatman the Conjurer (Formicid Conjurer)        Turns: 1202, Time: 00:03:16

Health: -3/30      AC:  2    Str: 12    XL:     4   Next: 12%
Magic:  4/7        EV: 12    Int: 18    God:
Gold:   29         SH:  0    Dex:  9    Spells: 4/7 levels left

rFire    . . .     SeeInvis +   a - +0 hunting sling
rCold    . . .     Faith    .   (no shield)
rNeg     . . .     Spirit   .   g - +0 robe
rPois    .         Reflect  .   (helmet unavailable)
rElec    .         Harm     .   (no cloak)
rCorr    .         Rampage  .   (no gloves)
Will     .....                  (no boots)
Stlth    ++........             (no amulet)
HPRegen  0.10/turn              (no ring)
MPRegen  0.10/turn              (no ring)

@: no status effects
A: permanent stasis, dig shafts and tunnels, four strong arms, antennae 3
a: Dig, Shaft Self


You were on level 2 of the Dungeon.
You visited 1 branch of the dungeon, and saw 2 of its levels.

You collected 29 gold pieces.

Inventory:

Hand Weapons
 a - a +0 hunting sling (weapon)
 b - a +0 short sword
 i - a +2 antimagic spear
Missiles
 c - 93 stones (quivered ammo)
 d - 11 bolts
 h - 20 sling bullets
Armour
 g - a +0 robe (worn)
Potions
 e - a potion of magic {unknown}
 f - a potion of lignification {unknown}


   Skills:
 - Level 1.7 Dodging
 - Level 2.4 Stealth
 - Level 2.1 Spellcasting
 * Level 4.9 Conjurations


You had 4 spell levels left.
You knew the following spells:

 Your Spells              Type           Power        Failure   Level
a - Searing Ray           Conj           38%          3%          2
c - Magic Dart            Conj           76%          2%          1

Your spell library contained the following spells:

 Spells                   Type           Power        Failure   Level
 Dazzling Flash           Conj/Hex       20%          19%         3
 Fulminant Prism          Conj/Hex       5%           54%         4
 Iskenderun's Mystic Bla  Conj/Tloc      10%          54%         4


Dungeon Overview and Level Annotations

Branches:
Dungeon (2/15)

Altars:


Innate Abilities, Weirdness & Mutations

You cannot be hasted, slowed, berserked, paralysed or teleported.
You can dig through walls and to a lower floor.
Your four strong arms can wield two-handed weapons with a shield.
You have a pair of large antennae on your head. (SInv)


Message History

t - Shout!
Orders for allies: a - Attack new target. r - Retreat! s - Stop attacking. g - Guard the area. f - Follow me.
Anything else - Cancel.
You shout for attention!
The gnoll hits you from afar with a +0 halberd.
A kobold comes into view.
The gnoll misses you. The gnoll barely misses you.
What are your orders? t - Shout!
Orders for allies: a - Attack new target. r - Retreat! s - Stop attacking. g - Guard the area. f - Follow me.
Anything else - Cancel.
You shout for attention!
The gnoll barely misses you. The gnoll hits you!
You die...

#....( # .....# ..
#.{ #..(.#{ ... #..
#....###...
.#..##.)........
....K..gg.......
###................
#........g@.....#
#.#..........####
............###
#†...........#
#..........#..#
####..>....<..#..##
##†)†)<^.............
#)###..........##....
##..#..........#
#.....


You could see 3 gnolls and a kobold.

Vanquished Creatures
  A gnoll (D:2)
  An adder (D:2)
  A dart slug (D:1)
  A leopard gecko (D:1)
  2 bats (D:1)
  2 giant cockroaches (D:1)
  2 hobgoblins (D:2)
  3 jackals (D:2)
  7 kobolds
  A quokka (D:2)
  6 frilled lizards
  A goblin (D:2)
  6 rats
34 creatures vanquished.

Notes
Turn   | Place    | Note
-------+----------+-------------------------------------------
     0 | D:1      | DildoBatman the Formicid Conjurer began the quest for the
                  | Orb.
     0 | D:1      | Reached XP level 1. HP: 13/13 MP: 3/3
   337 | D:1      | Reached XP level 2. HP: 19/19 MP: 1/5
   340 | D:1      | Learned a level 2 spell: Searing Ray
   411 | D:1      | Reached skill level 4 in Conjurations
   864 | D:1      | Reached XP level 3. HP: 20/24 MP: 2/6
  1190 | D:2      | Reached XP level 4. HP: 29/30 MP: 3/7
  1202 | D:2      | Slain by a gnoll

Illustrated notes

Levels and vault maps discovered:
D:1:      eino_arrival_cavern_e, layout_loops_ring
D:2:      layout_rooms, nicolae_qazlal_style_of_elements, minmay_tetromino_o4,
          uniq_sigmund

Skill      XL: |  1  2 |
---------------+-------+-----
Conjurations   | 4 |  4.9
Dodging        | |  1.7
Stealth        | |  2.4
Spellcasting   | |  2.1

Action                   |  1- 3 |  4- 6 || total
-------------------------+-------+-------++-------
Melee: Unarmed           |     2 |       ||     2
       Short sword       |    20 |       ||    20
 Fire: Hunting sling     |     4 |       ||     4
 Cast: Magic Dart        |    42 |       ||    42
       Searing Ray       |     4 |       ||     4
 Abil: Dig               |     6 |       ||     6
Armor: Robe              |     1 |       ||     1
Dodge: Dodged            |    16 |    10 ||    26
